 Dungeon Crawl Stone Soup version 0.29-a0-308-g4e025c60ea (webtiles) character file.

Game seed: 6723155057716964915

15 EnegeticOcto the Insei (level 2, -1/23 HPs)
             Began as a Djinni Warper on Mar 28, 2022.
             Slain by an adder (2 damage)
             ... on level 3 of the Dungeon.
             The game lasted 00:02:11 (191 turns).

EnegeticOcto the Insei (Djinni Warper)               Turns: 191, Time: 00:02:12

Health: -1/23      AC:  3    Str:  7 (10) XL:     2   Next: 65%
Gold:   67         EV: 11    Int: 11 (14) God:
                   SH:  0    Dex: 10 (12)

rFire   + + .      SeeInvis .     - Unarmed
rCold   x . .      Faith    .   (no shield)
rNeg    . . .      Spirit   .   a - +0 leather armour
rPois   ∞          Reflect  .   (no helmet)
rElec   .          Harm     .   (no cloak)
rCorr   .          Rampage  .   (no gloves)
Will    .....                   (boots unavailable)
Stlth   +.........              g - amulet of the acrobat
HPRegen 0.07/turn               (no ring)
MPRegen 0.00/turn               (no ring)

@: flying
A: sickness immunity, fire resistance 2, cold vulnerability 1, float, innate
caster, HP casting, extra vitality 1
a: no special abilities


You were on level 3 of the Dungeon.
You visited 1 branch of the dungeon, and saw 3 of its levels.

You collected 67 gold pieces.

Inventory:

Armour
 a - a +0 leather armour (worn)
Jewellery
 g - an amulet of the acrobat (around neck)
   (You found it on level 3 of the Dungeon)
Scrolls
 b - a scroll of blinking {@r4}
 e - a scroll of noise {unknown}
 f - a scroll of summoning {unknown}


   Skills:
 - Level 2.0 Fighting
 - Level 0.7 Throwing
 - Level 1.0 Armour
 - Level 2.1 Dodging
 + Level 3.0 Unarmed Combat
 - Level 2.4 Spellcasting


You couldn't memorise any spells.
You knew the following spells:

 Your Spells              Type           Power      Damage    Failure   Level
a - Lesser Beckoning      Tloc           6%         N/A       41%         3
b - Gell's Gravitas       Tloc           6%         N/A       41%         3
c - Teleport Other        Tloc           6%         N/A       41%         3
d - Manifold Assault      Tloc           6%         N/A       99%         5
Y - Blink                 Tloc           12%        N/A       22%         2
Your spell library was empty.

Dungeon Overview and Level Annotations

Branches:
Dungeon (3/15)

Altars:


Innate Abilities, Weirdness & Mutations

You are immune to sickness and miasma.
You are immune to poison.
Your flesh is very heat resistant. (rF++)
You are vulnerable to cold. (rC-)
You float through the air rather than walking.
You learn spells naturally, not from books.
Your magical power is your life essence.
You have superior vitality. (+4 MHP)


Message History

The adder bites you.
You barely miss the adder.
The adder is almost dead.
The adder bites you.
* * * LOW HITPOINT WARNING * * *
You closely miss the adder.
The adder is almost dead.
The adder misses you.
You hit the adder but do no damage.
The adder is almost dead.
The adder bites you but does no damage.
You hit the adder.
You kill the adder!
You have reached level 2!
f - a scroll labelled TAMIRPHAYVUQI
Found 18 stones.
You now have 53 gold pieces (gained 7).
d - a black potion (in hand)
You swing at nothing.
You swing at nothing.
You swing at nothing.
You swing at nothing.
You swing at nothing.
You swing at nothing.
You swing at nothing.
e - a scroll labelled ACUECR KUQA (in hand)
You swing at nothing.
You are now empty-handed.
There is a stone staircase leading down here.
You fly downwards.
Found three items.
There is a stone staircase leading up here.
Found 7 gold pieces.
You see here 6 gold pieces.
You now have 59 gold pieces (gained 6).
You see here an amulet of the acrobat.
The dart slug barely misses you.
You hit the dart slug.
The dart slug is lightly wounded.
The dart slug bites you.
* * * LOW HITPOINT WARNING * * *
You hit the dart slug but do no damage.
The dart slug is lightly wounded.
You hit the dart slug but do no damage.
The dart slug is lightly wounded.
The dart slug bites you.
* * * LOW HITPOINT WARNING * * *
You hit the dart slug.
The dart slug is lightly wounded.
The dart slug closely misses you.
You hit the dart slug.
The dart slug is heavily wounded.
You hit the dart slug.
The dart slug is almost dead.
The dart slug launches a dart at you. The slug dart misses you.
You hit the dart slug.
You kill the dart slug!
Your Unarmed Combat skill increases to level 3!
Press: ? - help, v - describe, . - travel, g - get item Item here: an amulet of the acrobat.
The floor.
g - an amulet of the acrobat You start putting on your amulet.
You continue putting on your amulet of the acrobat. x5
You finish putting on your amulet of the acrobat.
You feel ready to tumble and roll out of harm's way.
g - an amulet of the acrobat (around neck)
Found six items.
Found a viscous sapphire potion.
You now have 67 gold pieces (gained 8).
An adder comes into view.
Throw: boomerang (disperse)
Press: ? - help, Q - select action, (/) - cycle Shift-Dir - straight line, f - adder
Aim: an adder (38% to hit)
You throw a boomerang of dispersal.
The boomerang of dispersal closely misses the adder.
You hit the adder.
The adder is lightly wounded.
The adder closely misses you.
You hit the adder.
The adder is moderately wounded.
The adder bites you.
* * * LOW HITPOINT WARNING * * *
The adder closely misses you.
It was a potion of degeneration.
There was something very wrong with that liquid.
You feel weakened.
You feel dopey.
You feel clumsy. The adder barely misses you.
You barely miss the adder.
The adder is moderately wounded.
The adder bites you.
* * * LOW HITPOINT WARNING * * *
You barely miss the adder.
The adder is moderately wounded.
The adder barely misses you. The adder bites you but does no damage.
You hit the adder.
The adder is heavily wounded.
The adder bites you.
You die...

#.## #.<### #
#####....#####
#.#....#.#.....#
####.##........##.#
............#.....#
.........###...####
..#####..##.....#
..#??$#@.##.###.#
..#)?$#S!##. ...
..#!!!#..... ####
..#####...##
..........#
..........#
###########


You could see an adder.

Vanquished Creatures
  An adder (D:2)
  A dart slug (D:3)
  An endoplasm (D:2)
  A bat (D:1)
  A frilled lizard (D:2)
  A rat (D:2)
6 creatures vanquished.

Notes
Turn   | Place    | Note
-------+----------+-------------------------------------------
     0 | D:1      | EnegeticOcto the Djinni Warper began the quest for the Orb.
     0 | D:1      | Reached XP level 1. HP: 18/18 MP: 0/0
   113 | D:2      | Reached XP level 2. HP: 6/23 MP: 0/0
   166 | D:3      | Reached skill level 3 in Unarmed Combat
   189 | D:3      | HP: 1/23 [adder (3)]
   191 | D:3      | Slain by an adder

Illustrated notes

Levels and vault maps discovered:
D:1:      kennysheep_arrival_forest, layout_basic,
          hellmonk_ecumenical_altar_pennies_from_heaven
D:2:      layout_basic, basic_altar
D:3:      layout_basic, due_unseen_surprise, uniq_robin

Skill      XL: |  1  2 |
---------------+-------+-----
Unarmed Combat | 3 |  3.0
Fighting       | |  2.0
Throwing       | |  0.7
Armour         | |  1.0
Dodging        | |  2.1
Spellcasting   | |  2.4

Action                   || total
-------------------------++-------
Melee: Unarmed           ||    29
Throw: Boomerang         ||     7
  Use: Potion            ||     1
Armor: Leather armour    ||     6
Dodge: Dodged            ||    13

Table legend: (Time is in decaauts)
 A = Elapsed time spent in this place.
 B = Non-inter-level travel time spent in this place.
 C = Inter-level travel time spent in this place.
 D = Time resting spent in this place.
 E = Time spent auto-exploring this place.
 F = Levels seen in this place.
 G = Mean time per level.
                   A        B        C        D        E       F      G
               +--------+--------+--------+--------+--------+-----+--------+
         Total |    183 |    183 |      0 |      0 |      0 |   3 |   61.0 |
       Dungeon |    183 |    183 |      0 |      0 |      0 |   3 |   61.0 |
               +--------+--------+--------+--------+--------+-----+--------+

Top non-repeatable levels by time:
     D:2: 92 daAuts
     D:1: 51 daAuts
     D:3: 40 daAuts
